 Dungeon Crawl Stone Soup version 0.30-a0-141-g30f27751c5 (webtiles) character file.

Game seed: 10507842245952776202

25 KennySheep the Digger (level 3, -3/30 HPs)
             Began as a Naga Earth Elementalist on Sept 26, 2022.
             Slain by a scorpion (6 damage)
             ... on level 3 of the Dungeon.
             The game lasted 00:03:41 (708 turns).

KennySheep the Digger (Naga Earth Elementalist)      Turns: 708, Time: 00:03:41

Health: -3/30      AC:  2    Str: 10    XL:     3   Next: 4%
Magic:  1/6        EV: 10    Int: 17    God:
Gold:   22         SH:  0    Dex: 11    Spells: 3/6 levels left

rFire   . . .      SeeInvis +    e - +0 dagger
rCold   . . .      Faith    .    (no shield)
rNeg    . . .      Spirit   .    a - +0 robe
rPois   +          Reflect  .    (no helmet)
rElec   .          Harm     .    (no cloak)
rCorr   .          Rampage  .    (no gloves)
Will    .....                    (no barding)
Stlth   ++........               (no amulet)
HPRegen 0.10/turn                (no ring)
MPRegen 0.10/turn                (no ring)

@: lethally poisoned (-3 -> -10), weak-willed, very slow
A: AC +1, large, see invisible, deformed body, poison resistance, slowness 2,
spit poison 1, naga tail 1
a: Spit Poison


You were on level 3 of the Dungeon.
You visited 1 branch of the dungeon, and saw 3 of its levels.

You collected 22 gold pieces.

Inventory:

Hand Weapons
 c - a +0 flail
 e - a +0 dagger (weapon)
Missiles
 b - 2 throwing nets
Armour
 a - a +0 robe (worn)


   Skills:
 + Level 0.6 Fighting
 + Level 1.7 Dodging
 + Level 3.3 Stealth
 + Level 2.1 Spellcasting
 + Level 0.4 Conjurations
 + Level 1.3 Transmutations
 * Level 3.3 Earth Magic


You had 3 spell levels left.
You knew the following spells:

 Your Spells              Type           Power      Damage    Failure   Level
a - Sandblast             Erth           26%        2d8       4%          1
z - Passwall              Tmut/Erth      7%         N/A       11%         2

Your spell library contained the following spells:

 Spells                   Type           Power      Damage    Failure   Level
 Stone Arrow              Conj/Erth      16%        3d8       26%         3
 Petrify                  Tmut/Erth      9%         N/A       58%         4


Dungeon Overview and Level Annotations

Branches:
Dungeon (3/15)

Altars:
Yredelemnul

Shops:
D:1 *


Innate Abilities, Weirdness & Mutations

Your serpentine skin is tough. (AC +1)
You have supernaturally acute eyesight. (SInv)
Armour fits poorly on your strangely shaped body.
Your system is resistant to poisons. (rPois)
You cover ground very slowly.
You can spit poison.
You have a snake-like lower body.


Message History

As you read the scroll labelled LUC XOCKUXTEH, it crumbles to dust.
The scroll dissolves into smoke.
It was a scroll of fog.
The scorpion stings you.
You are poisoned.
The scorpion poisons you!
As you read the scroll labelled EWOB YHEDUACU, it crumbles to dust.
Magic quickly surges around you.
It was a scroll of vulnerability.
You feel sick.
The scorpion stings you but does no damage.
The scorpion stings you.
Aiming: Sandblast (safe; 4% risk of failure)
Press: ? - help, Q - select action, (/) - cycle Shift-Dir - straight line, f/p - scorpion
Aim: a scorpion (black smoke, moderately wounded, weak-willed, 82% to hit)
The blast of sand hits the scorpion.
The scorpion is heavily wounded.
You feel very sick. The scorpion barely misses you.
You feel sick. The scorpion stings you.
You aren't carrying any potions.
Unknown command.
You feel sick. The scorpion closely misses you.
The scorpion attacks as you move away! The scorpion stings you.
You feel sick. The scorpion closely misses you.
You feel sick.
You are no longer poisoned.
A rat comes into view.
Found a scroll labelled ILEAFUTEET.
The scorpion closely misses you. The scorpion stings you!
* * * LOW HITPOINT WARNING * * *
You are lethally poisoned!
The scorpion poisons you!
You see here 2 throwing nets.
b - 2 throwing nets
* * * LOW HITPOINT WARNING * * *
You feel very sick. The scorpion barely misses you.
* * * LOW HITPOINT WARNING * * *
You feel very sick. The scorpion stings you.
You die...

># .# #. .#
#§#§#############
######§##...........#
#...§§§§............#
....###§##...).......##
....###.##............#
...............<....).#
.......†..@.....#.....#
.≈≈≈≈≈≈≈≈≈s...........#
.≈.......≈......#.....#
.≈.≈≈≈≈≈.≈......#.....#
.≈.....§.≈.r.##.......#
.≈.≈._.§.≈...##.......#
.≈.≈.§§≈.≈..###.......#
≈.≈≈≈≈§.≈.## .
..§§§...#


You could see a scorpion (weak-willed) and a rat.

Vanquished Creatures
  A dart slug (D:1)
  3 ball pythons
  2 bats
  An endoplasm (D:1)
  A giant cockroach (D:1)
  A hobgoblin (D:1)
  5 jackals
  A kobold (D:2)
  A quokka (D:1)
  A frilled lizard (D:1)
  A rat (D:1)
18 creatures vanquished.

Notes
Turn   | Place    | Note
-------+----------+-------------------------------------------
     0 | D:1      | KennySheep the Naga Earth Elementalist began the quest for
                  | the Orb.
     0 | D:1      | Reached XP level 1. HP: 15/15 MP: 3/3
   197 | D:1      | Reached XP level 2. HP: 24/24 MP: 3/5
   200 | D:1      | Learned a level 2 spell: Passwall
   201 | D:1      | Found Zyurhiycs's Assorted Antiques.
   357 | D:1      | You fall into a shaft and drop 1 floor!
   680 | D:3      | Found a basalt altar of Yredelemnul.
   686 | D:3      | Reached XP level 3. HP: 30/30 MP: 4/6
   691 | D:3      | Noticed a scorpion
   708 | D:3      | Slain by a scorpion

Illustrated notes

Levels and vault maps discovered:
D:1:      roderic_octagonal_star, layout_basic, serial_shops, shop_statue,
          dreamdust_ecumenical_altar_hidden_monk_grotto
D:2:      layout_rooms, serial_shops, shop, minmay_vboxes, uniq_terence,
          uniq_natasha
D:3:      layout_basic, mainiacjoe_overflow_concentric_impassable, st_stairs_7

Action                   || total
-------------------------++-------
Melee: Unarmed           ||     5
 Cast: Sandblast         ||    31
       Passwall          ||     2
 Abil: Spit Poison       ||     2
  Use: Potion            ||     2
       Scroll            ||     2
Armor: Robe              ||     7
Dodge: Dodged            ||    24

Table legend: (Time is in decaauts)
 A = Elapsed time spent in this place.
 B = Non-inter-level travel time spent in this place.
 C = Inter-level travel time spent in this place.
 D = Time resting spent in this place.
 E = Time spent auto-exploring this place.
 F = Levels seen in this place.
 G = Mean time per level.
                   A        B        C        D        E       F      G
               +--------+--------+--------+--------+--------+-----+--------+
         Total |    806 |    806 |      0 |    288 |    293 |   3 |  268.7 |
       Dungeon |    806 |    806 |      0 |    288 |    293 |   3 |  268.7 |
               +--------+--------+--------+--------+--------+-----+--------+

Top non-repeatable levels by time:
     D:1: 426 daAuts
     D:3: 319 daAuts
     D:2: 60 daAuts
